 Dungeon Crawl Stone Soup version 0.30-a0-719-gcc4359ea44 (webtiles) character file.

Game seed: 5793298483597792086

76059 tilp the Spry (level 16, -1/141 HPs)
             Began as a Meteoran Fighter on Jan 26, 2023.
             Was an Elder of Okawaru.
             Slain by a hornet (7 damage)
             ... created by a shambling mangrove
             ... on level 3 of the Swamp.
             The game lasted 01:07:20 (11080 turns).

tilp the Spry (Meteoran Fighter)                   Turns: 11080, Time: 01:07:21

Health: -1/141     AC: 30    Str: 17    XL:     16   Next: 47%
Magic:  28/28      EV: 20    Int: 11    God:    Okawaru [****..]
Gold:   839        SH: 14    Dex: 22    Spells: 15/15 levels left

rFire   . . .      SeeInvis .    a - +5 scimitar (freeze)
rCold   . . .      Faith    .    y - +0 kite shield
rNeg    . . .      Spirit   .    j - +2 plate armour {rPois}
rPois   +          Reflect  .    x - +2 helmet
rElec   .          Harm     .    w - +1 cloak {Will+}
rCorr   .          Rampage  .    D - +2 pair of gloves
Will    +++..                    f - +0 pair of boots Stlth
                                 (no amulet)
HPRegen 0.43/turn                C - ring of flight
MPRegen 0.21/turn                s - +5 ring of evasion

@: heroic, on berserk cooldown, flying, slowed, glowing, very slow
A: sense surroundings 2, otherworldly, glowing, explore regen
a: Renounce Religion, Heroism, Finesse


You were on level 3 of the Swamp.
You worshipped Okawaru.
Okawaru was greatly pleased with you.
You visited 5 branches of the dungeon, and saw 24 of its levels.
You also visited: Sewer.

You collected 2706 gold pieces.
You spent 1867 gold pieces at shops.

Inventory:

Hand Weapons
 a - a +5 scimitar of freezing (weapon)
 b - a +4 scimitar of flaming
 W - a +4 triple sword of holy wrath
 X - a +2 great sword of flaming
Missiles
 i - 5 javelins
 t - 17 poisoned darts (quivered)
 v - 5 throwing nets {!f}
 B - 10 boomerangs
 E - 5 datura-tipped darts
 L - 3 silver javelins
 O - 4 boomerangs of dispersal
 P - 6 curare-tipped darts
 T - 2 atropa-tipped darts
Armour
 d - +0 storm dragon scales
 f - a +0 pair of boots (worn)
 j - a +2 plate armour of poison resistance (worn)
 n - the +0 chain mail of the Good {Str+3 Int+4}
   (Okawaru gifted it to you on level 1 of the Lair of Beasts)

   Str:       It affects your strength (+3).
   Int:       It affects your intelligence (+4).
 w - a +1 cloak of willpower (worn)
 x - a +2 helmet (worn)
 y - a +0 kite shield (worn)
 D - a +2 pair of gloves (worn)
Jewellery
 q - a ring of ice
 r - a ring of protection from fire
 s - a +5 ring of evasion (right hand)
 z - a +4 ring of protection
 C - a ring of flight (left hand)
 H - a ring of protection from fire
 I - a ring of willpower
 R - a +4 ring of slaying
 Y - a ring of see invisible
Wands
 g - a wand of flame (63)
 A - a wand of paralysis (14)
 S - a wand of quicksilver (14)
 Z - a wand of digging (5)
Scrolls
 k - 2 scrolls of identify
 l - 2 scrolls of vulnerability
 m - a scroll of brand weapon
 u - 2 scrolls of silence
 F - a scroll of poison
 J - a scroll of fog
 K - 3 scrolls of enchant weapon
 V - a scroll of immolation
Potions
 c - a potion of cancellation
 e - 3 potions of flight
 h - 2 potions of mutation
 o - 2 potions of attraction
 p - a potion of resistance
 M - 2 potions of curing
 Q - a potion of ambrosia
 U - 2 potions of lignification


   Skills:
 * Level 12.4(17.4) Fighting
 - Level 14.0(19.0) Long Blades
 - Level 8.0(13.0) Throwing
 - Level 10.0(15.0) Armour
 + Level 15.1(20.1) Dodging
 - Level 4.0(9.0) Stealth
 - Level 8.0(13.0) Shields
 - Level 15.0 Invocations
 - Level 8.0 Evocations


You had 15 spell levels left.
You didn't know any spells.
Your spell library was empty.

Dungeon Overview and Level Annotations

Branches:
Dungeon (13/15) Zot: 1565    Lair (5/5) D:11 Zot: 547   Swamp (3/4) Lair:3 Zot: 1071
 Spider (1/4) Lair:3 Zot: 561   Slime (0/5) Lair:5          Orc (2/2) D:9 Zot: 230
  Sewer (visited)
 Temple: D:4-7          Elf: Orc:2       Vaults: D:13-14

Altars:
Gozag
Kikubaaqudgha
Nemelex Xobeh
Okawaru
Ru
Sif Muna
Uskayaw
Zin
The Shining One
Jiyva

Shops:
D:1 [   D:9 *   Orc:2 =*:

Annotations:
Swamp:1 1 runed translucent door
Swamp:2 1 transporter


Innate Abilities, Weirdness & Mutations

You passively map the area around you.
You are easily found by Zot.
You glow in the dark.
You regain HP and MP as you explore.


Message History

You feel your anger nearly subside.
You are no longer berserk.
You are exhausted.
You feel yourself slow down.
Roots burst forth from the earth!
The grasping roots grab you! The grasping roots constrict you!
* * * LOW HITPOINT WARNING * * *
You escape the roots grasp.
You gain the combat prowess of a mighty hero.
You slash the shambling mangrove! You freeze the shambling mangrove.
The shambling mangrove is lightly damaged.
You block the shambling mangrove's attack.
You hit the shambling mangrove. You freeze the shambling mangrove.
The shambling mangrove is moderately damaged.
The shambling mangrove hits you but does no damage.
You slice the shambling mangrove!! You freeze the shambling mangrove!
The shambling mangrove is heavily damaged.
Angry insects surge out from beneath the shambling mangrove's foliage!
The shambling mangrove misses you.
You hit the shambling mangrove. You freeze the shambling mangrove.
The shambling mangrove is severely damaged.
The shambling mangrove barely misses you.
You slice the shambling mangrove!! You freeze the shambling mangrove!
The shambling mangrove is almost destroyed.
The hornet stings you.
* * * LOW HITPOINT WARNING * * *
You feel as though you will be slow longer.
The hornet closely misses you. You block the hornet's attack.
The shambling mangrove hits you!
* * * LOW HITPOINT WARNING * * *
The hornet stings you but does no damage.
The hornet barely misses you.
You completely miss the shambling mangrove.
The shambling mangrove is almost destroyed.
The hornet stings you but does no damage. x2
You block the hornet's attack.
You block the shambling mangrove's attack.
You block the hornet's attack.
The hornet stings you but does no damage.
The hornet stings you!
You die...

♣.♣.♣.♣.♣ ♣.♣ #.~.~~~~~♣♣
,,♣.......♣ #♣#♣♣#♣~..~...~.♣,
♣#♣♣♣#♣§♣#♣♣♣♣♣♣~~..~...~~.~.~♣♣♣
~~§.~§§§~~.~~~~.....~...~......♣~
~...§~......~........~~.~.~~.~~.♣
.~~~...~i~~§..).~~..[[~...~.~....
~~...§.F...~~.~~§~~~~§§...~....~.
♣~.♣~~.~.~.~...~y.~)§§~..~~~.....
.~.~.§.w~.~...~f@.....†....[[.~..
..~.~.~i..≈≈≈.≈yy.[..†..).[[...~~
.......~.≈...≈...≈...~..~....~...
.~.§..~.≈...♣.♣...≈.~....~.......
♣....~.≈.♣.♣♣♣♣♣.♣.≈....~.~†..~.§
♣♣♣~~~≈...♣§.F..♣...≈..?~.~~.~...
♣...≈..♣.......♣..≈....~♣♣..♣.♣
♣♣~♣≈.♣♣..~♣P..♣♣.≈♣....~..~.♣♣
♣♣♣i≈.♣..♣♣♣..♣.≈...~~~..~~.♣.


You could see a shambling mangrove and 3 hornets.

Vanquished Creatures
  The ghost of wogdood the Acrobat, a journeyman SpBr of Trog (Lair:5)
  An eleionoma (Swamp:3)
  2 bunyips (Swamp:3)
  5 hydras
  3 centaur warriors
  2 boulder beetles
  A ghost crab (Lair:3)
  2 catoblepae
  2 alligators
  4 two-headed ogres
  The ghost of kae the Transmogrifier, a journeyman DsTm of Ru (D:11)
  2 deep troll earth magi (D:13)
  Sonja (Orc:2)
  A fire crab (Lair:5)
  A spectral death yak (Lair:3)
  A goliath frog (Swamp:3)
  A pharaoh ant (Lair:3)
  6 spriggan druids (Swamp:3)
  3 swamp dragons
  5 bog bodies
  A lindwurm (Lair:5)
  Pikel (D:9)
  2 orc knights (Orc:2)
  A wolf spider (Lair:3)
  3 cyclopes
  13 elephants
  An elephant (shapeshifter) (D:9)
  7 black mambas
  10 cane toads
  A gargoyle (D:12)
  2 torpor snails
  2 rime drakes (Lair:3)
  An unseen horror (D:11)
  5 komodo dragons
  An efreet (D:13)
  3 tyrant leeches
  3 trolls
  A tarantella (Lair:3)
  5 polar bears
  2 meliai
  13 hornets
  7 dream sheep
  A spectral dream sheep (Lair:3)
  8 blink frogs
  22 spriggans
  4 slime creatures (D:12)
  A vampire (D:13)
  5 wyverns
  40 yaks
  A steam dragon (D:10)
  2 redbacks (Lair:3)
  4 vampire mosquitoes
  A warg (Orc:2)
  An acid dragon (D:9)
  9 swamp worms
  7 water moccasins
  2 sky beasts (D:8)
  A spectral blink frog (Lair:3)
  6 ogres
  30 orc warriors
  44 wolves
  6 black bears
  2 boggarts (Lair:5)
  14 centaurs
  2 lemures (D:9)
  A kobold brigand (D:11)
  3 gnoll sergeants
  10 bullfrogs
  7 wights
  11 electric eels (D:8)
  A jelly (D:5)
  Crazy Yiuf (D:3)
  10 orc priests
  A gnoll bouda (D:7)
  Ijyb (D:5)
  An iguana (D:6)
  20 orc wizards
  27 gnolls
  6 adders
  A river rat (D:3)
  2 shadow imps
  2 worms
  5 dart slugs
  60 orcs
  12 ball pythons
  5 endoplasms
  16 giant cockroaches
  9 goblins
  2 hobgoblins
  5 jackals
  4 quokkas
  6 bats
  11 frilled lizards
  9 kobolds
  3 rats
  A bush (Lair:2)
596 creatures vanquished.

Vanquished Creatures (others)
  34 fungi
  46 plants
80 creatures vanquished.

Grand Total: 676 creatures vanquished

Notes
Turn   | Place    | Note
-------+----------+-------------------------------------------
     0 | D:1      | tilp the Meteoran Fighter began the quest for the Orb.
     0 | D:1      | Reached XP level 1. HP: 19/19 MP: 2/2
    77 | D:1      | Reached XP level 2. HP: 22/26 MP: 3/3
   110 | D:1      | Reached skill level 1 in Dodging
   165 | D:1      | Reached XP level 3. HP: 24/31 MP: 4/4
   343 | D:2      | Found a faded altar of an unknown god.
   379 | D:1      | Found Itufa's Antique Armour Shop.
   466 | D:2      | Reached XP level 4. HP: 39/39 MP: 5/5
   569 | D:4      | Noticed an ogre
   588 | D:3      | Found a glowing drain.
   609 | D:3      | Reached skill level 1 in Stealth
   647 | D:3      | Reached XP level 5. HP: 27/46 MP: 6/6
   666 | Sewer    | Entered a sewer
   697 | Sewer    | Reached skill level 1 in Throwing
   860 | Sewer    | Reached XP level 6. HP: 42/52 MP: 7/7
  1094 | D:3      | Found a runed translucent door.
  1095 | D:3      | Noticed Crazy Yiuf
  1103 | D:3      | Killed Crazy Yiuf
  1104 | D:3      | Reached XP level 7. HP: 50/59 MP: 8/8
  1463 | D:3      | Found a sparkling altar of Nemelex Xobeh.
  1789 | D:5      | Entered Level 5 of the Dungeon
  1958 | D:4      | Reached XP level 8. HP: 37/67 MP: 9/9
  2078 | D:4      | Identified a scroll of acquirement
  2078 | D:4      | Acquired 907 gold pieces
  2169 | D:1      | Bought a helmet for 121 gold pieces
  2169 | D:1      | Bought a bloodstained chain mail for 256 gold pieces
  2169 | D:1      | Identified the +1 chain mail of Baleful Beauty {*Slow rCorr
                  | SInv} (You bought it in a shop on level 1 of the Dungeon)
  2385 | D:5      | Noticed Ijyb
  2385 | D:5      | Paralysed by Ijyb for 4 turns
  2400 | D:5      | Paralysed by Ijyb for 5 turns
  2408 | D:5      | Killed Ijyb
  2473 | D:5      | Reached skill level 5 in Long Blades
  2587 | D:6      | Found an ancient bone altar of Kikubaaqudgha.
  2590 | D:6      | Found an iron altar of Okawaru.
  2592 | D:6      | Found a sacrificial altar of Ru.
  2620 | D:6      | Reached skill level 5 in Fighting
  2679 | D:6      | Found a glowing golden altar of the Shining One.
  2679 | D:6      | Found a hide-covered altar of Uskayaw.
  2682 | D:6      | Found an opulent altar of Gozag.
  2695 | D:6      | Became a worshipper of Warmaster Okawaru
  2926 | D:6      | Noticed a steam dragon
  2983 | D:7      | Reached skill level 1 in Invocations
  2983 | D:7      | Reached skill level 1 in Evocations
  3139 | D:8      | Noticed a yak
  3139 | D:8      | Noticed a yak
  3139 | D:8      | Noticed a yak
  3151 | D:8      | Killed a yak
  3152 | D:8      | Gained mutation: You passively map the area around you.
                  | [Meteoran growth]
  3152 | D:8      | Reached XP level 9. HP: 44/74 MP: 9/11
  3159 | D:8      | Reached skill level 5 in Armour
  3164 | D:8      | Reached * piety under Okawaru
  3165 | D:8      | Reached skill level 5 in Dodging
  3258 | D:8      | Found a shimmering blue altar of Sif Muna.
  3418 | D:8      | Reached XP level 10. HP: 63/84 MP: 11/14
  3655 | D:8      | Reached ** piety under Okawaru
  3860 | D:8      | Reached skill level 5 in Invocations
  3875 | D:8      | Noticed a centaur warrior
  3885 | D:8      | Killed a centaur warrior
  4352 | D:9      | Reached *** piety under Okawaru
  4476 | D:9      | Reached XP level 11. HP: 79/94 MP: 17/17
  4483 | D:10     | Entered Level 10 of the Dungeon
  4526 | D:9      | Found Mobly's Gadget Gallery.
  4534 | D:9      | Bought a wand of paralysis (3) for 93 gold pieces
  4631 | D:9      | Noticed a two-headed ogre
  4639 | D:9      | Killed a two-headed ogre
  4639 | D:9      | Reached **** piety under Okawaru
  4671 | D:9      | Noticed Pikel
  4691 | D:9      | Killed Pikel
  4801 | D:9      | Reached skill level 10 in Long Blades
  4820 | D:9      | Noticed a guardian serpent
  4822 | D:9      | a guardian serpent changed into an elephant
  4822 | D:9      | Noticed an elephant (shapeshifter)
  4827 | D:9      | Killed an elephant
  4903 | D:9      | Received a gift from Okawaru
  4959 | D:9      | Found a staircase to the Orcish Mines.
  4971 | Orc:1    | Entered Level 1 of the Orcish Mines
  4978 | Orc:2    | Entered Level 2 of the Orcish Mines
  5229 | Orc:1    | Noticed a two-headed ogre
  5238 | Orc:1    | Killed a two-headed ogre
  5238 | Orc:1    | Reached ***** piety under Okawaru
  5360 | Orc:2    | Noticed Sonja
  5368 | Orc:2    | Killed Sonja
  5369 | Orc:2    | Reached XP level 12. HP: 85/103 MP: 19/19
  5423 | Orc:2    | Noticed a centaur warrior
  5427 | Orc:2    | Noticed an orc knight
  5440 | Orc:2    | Killed a centaur warrior
  5440 | Orc:2    | Received a gift from Okawaru
  5441 | Orc:2    | Reached skill level 5 in Throwing
  5441 | Orc:2    | Reached skill level 5 in Evocations
  5446 | Orc:2    | Noticed an orc knight
  5581 | Orc:2    | Killed an orc knight
  5586 | Arena    | Entered the Arena
  5693 | Orc:2    | Killed an orc knight
  5702 | Orc:2    | Found Fosaz's Jewellery Shoppe.
  5702 | Orc:2    | Found List's Assorted Antiques.
  5704 | Orc:2    | Found Odischyn's Book Shop.
  5706 | Orc:2    | Found Udelinus's Assorted Antiques.
  5720 | Orc:2    | Bought a scroll of teleportation for 81 gold pieces
  5720 | Orc:2    | Bought a scroll of identify for 54 gold pieces
  5720 | Orc:2    | Bought a glowing short sword for 162 gold pieces
  5720 | Orc:2    | Bought a scroll of identify for 54 gold pieces
  5723 | Orc:2    | Bought a runed gold wand for 108 gold pieces
  5723 | Orc:2    | Bought a scroll labelled EHUBANLYNA for 27 gold pieces
  5723 | Orc:2    | Bought a scroll labelled QEGRYE UTOXY for 27 gold pieces
  5723 | Orc:2    | Bought a scroll of enchant armour for 202 gold pieces
  5723 | Orc:2    | Bought a bubbling orange potion for 24 gold pieces
  5723 | Orc:2    | Bought a runed great sword for 256 gold pieces
  5723 | Orc:2    | Bought a viscous brown potion for 24 gold pieces
  5723 | Orc:2    | Bought a lead wand for 108 gold pieces
  5725 | Orc:2    | Bought a ring of see invisible for 270 gold pieces
  5774 | Orc:2    | Reached skill level 10 in Invocations
  5790 | Orc:2    | Noticed a centaur warrior
  5797 | Orc:2    | Killed a centaur warrior
  6053 | D:10     | Noticed a two-headed ogre
  6058 | D:10     | Killed a two-headed ogre
  6207 | D:10     | Noticed a two-headed ogre
  6231 | D:10     | Killed a two-headed ogre
  6238 | D:10     | Reached XP level 13. HP: 61/113 MP: 18/21
  6334 | D:10     | Reached skill level 10 in Fighting
  6435 | D:11     | Found a glowing silver altar of Zin.
  6527 | D:11     | Received a gift from Okawaru
  6604 | D:12     | You fall into a shaft and drop 1 floor!
  6756 | D:13     | Noticed a boulder beetle
  6775 | D:13     | Killed a boulder beetle
  6786 | D:13     | Noticed a deep troll earth mage
  6786 | D:13     | Noticed a deep troll earth mage
  6800 | D:13     | Killed a deep troll earth mage
  6807 | D:13     | Killed a deep troll earth mage
  6808 | D:13     | Noticed a five-headed hydra
  6816 | D:13     | Killed a two-headed hydra
  6947 | D:12     | Reached skill level 10 in Dodging
  6991 | D:12     | Received a gift from Okawaru
  7054 | D:12     | Identified the ring "Jesapt" {Ice rElec}
  7096 | D:12     | Found an iron altar of Okawaru.
  7172 | D:11     | Noticed kae's ghost (journeyman DsTm)
  7174 | D:11     | Found a runed translucent door.
  7194 | D:11     | Killed kae's ghost
  7300 | D:11     | Found a staircase to the Lair.
  7567 | Lair:1   | Entered Level 1 of the Lair of Beasts
  7625 | Lair:1   | Identified the +0 chain mail of the Good {Str+3 Int+4}
                  | (Okawaru gifted it to you on level 1 of the Lair of Beasts)
  7625 | Lair:1   | Received a gift from Okawaru
  7861 | Lair:2   | Reached XP level 14. HP: 119/121 MP: 24/24
  8320 | Lair:3   | Reached ****** piety under Okawaru
  8485 | Lair:3   | Found a staircase to the Swamp.
  8749 | Lair:3   | Received a gift from Okawaru
  8860 | Lair:3   | Received a gift from Okawaru
  8890 | Lair:3   | Found a hole to the Spider Nest.
  8948 | Lair:3   | Reached XP level 15. HP: 91/130 MP: 18/25
  8998 | Lair:5   | Entered Level 5 of the Lair of Beasts
  9199 | Lair:5   | Found a viscous altar of Jiyva.
  9200 | Lair:5   | Found a staircase to the Slime Pits.
  9232 | Lair:5   | Found a runed translucent door.
  9233 | Lair:5   | Noticed wogdood's ghost (journeyman SpBr)
  9255 | Lair:5   | Killed wogdood's ghost
  9331 | Lair:5   | Identified the +2 ring mail "Meihex" {Rampage rPois rF+
                  | SInv} (Okawaru gifted it to you on level 5 of the Lair of
                  | Beasts)
  9331 | Lair:5   | Received a gift from Okawaru
  9897 | Spider:1 | Entered Level 1 of the Spider Nest
  9938 | Lair:3   | Reached skill level 5 in Shields
  9938 | Lair:3   | HP: 1/132 [wolf spider (16)]
 10191 | Swamp:1  | Entered Level 1 of the Swamp
 10202 | Swamp:1  | Reached skill level 10 in Armour
 10209 | Swamp:1  | Found a runed translucent door.
 10299 | Arena    | Entered the Arena
 10357 | Swamp:2  | Found a transporter.
 10407 | Swamp:3  | Received a gift from Okawaru
 10408 | Swamp:3  | Reached skill level 15 in Dodging
 10423 | Swamp:3  | Reached XP level 16. HP: 65/139 MP: 25/27
 10601 | Swamp:3  | Identified the +3 buckler of Inquiry {rElec}
 10668 | Arena    | Entered the Arena
 10716 | Arena    | Entered the Arena
 10926 | Swamp:3  | Reached skill level 15 in Invocations
 11079 | Swamp:3  | HP: 6/141 [shambling mangrove (7)]
 11080 | Swamp:3  | Slain by a hornet

Illustrated notes

Levels and vault maps discovered:
D:1:      eino_arrival_cavern_e, layout_basic, serial_shops,
          nicolae_shop_hallway_plus
D:2:      layout_basic, serial_shops, shop,
          shapermc_ecumenical_altar_totnotflames
D:3:      layout_loops_ring, lemuel_doored_altar, portal_sewer_entry_a,
          uniq_crazy_yiuf_cottage
D:4:      layout_basic
D:5:      layout_rooms, uniq_ijyb
D:6:      layout_loops_ring, minitemple, temple_fountains
D:7:      layout_cave_pools, trog_hazing_becter, serial_gnoll_camp,
          gnoll_camp_huts_basic, gnoll_camp_mini_hut, gnoll_camp_mini_hut,
          gnoll_camp_medium_01, gnoll_camp_mini_doghouse, gnoll_camp_mini_hut
D:8:      cheibrodos_two_vegetables, layout_loops_cross,
          nicolae_sif_muna_condensation, serial_bayou_lagoon_b
D:9:      layout_basic, david_orc_4, nicolae_shop_gadgets, uniq_pikel
D:10:     layout_loops_ring
D:11:     layout_roguey, grunt_lair_entry_orc_guard_hut,
          hellmonk_ghost_happy_afterlife, zin_treasury
D:12:     layout_gridville, kennysheep_okawaru_gauntlet
D:13:     layout_roguey, david_vaults_5, wad_dig_loot
Lair:1:   layout_hall_layers, eino_small_chamber_without_monster, minivault_11,
          hangedman_lair_unloving_vines, uniq_amaemon
Lair:2:   layout_gridlike, infiniplex_staircase_pool
Lair:3:   layout_gridlike, nicolae_swamp_entry_spooky,
          nicolae_spider_entry_lesser_pyramids, minmay_shattered_shrine
Lair:4:   layout_regular_city, lemuel_fruit_tree, grunt_megastairs_4
Lair:5:   minmay_lair_end_enchanted_forest, layout_hall_layers, slime_entry_1,
          gammafunk_ghost_grave, grunt_megastairs_3
Swamp:1:  gammafunk_mikee_crab_dinner, layout_falls_marsh,
          evilmike_swamp_ruin_rubble_2
Swamp:2:  gammafunk_worm_tunnel, layout_falls_marsh,
          evilmike_swamp_ruin_house_2, swamp_pool4
Swamp:3:  nzn_winding_woodlands_three_and_one
          [nzn_winding_woodlands_5x15_sidewinder,
          nzn_winding_woodlands_5x15_pockets, nzn_winding_woodlands_5x15_zeroes,
          nzn_winding_woodlands_center_garden], layout_basic_swamp,
          hangedman_swamp_pad
Spider:1: layout_spider_delve
Orc:1:    layout_caves
Orc:2:    st_orc_rangers, layout_caves, mines2_david, uniq_sonja

Skill      XL: |  1  2  3  4  5  6  7  8  9 10 11 12 13 14 15 16 |
---------------+-------------------------------------------------+-----
Dodging        | 1 2 3 4 5 6 8 9 11 13 15 | 15.1
Armour         | 4 5 6 7 8 9 10 | 10.0
Stealth        | 1 2 3 4 |  4.0
Shields        | 4 6 8 |  8.0
Long Blades    | 3 4 5 6 8 10 11 14 | 14.0
Throwing       | 1 2 3 4 5 6 7 8 |  8.0
Fighting       | 4 5 6 8 9 10 11 12 | 12.4
Invocations    | 1 4 7 9 10 12 14 15 | 15.0
Evocations     | 1 3 4 6 7 8 |  8.0

Action                     |  1- 3 |  4- 6 |  7- 9 | 10-12 | 13-15 | 16-18 || total
---------------------------+-------+-------+-------+-------+-------+-------++-------
  Melee: Long sword        |    88 |   149 |   389 |    48 |       |       ||   674
         Scimitar          |       |       |       |   457 |   993 |   200 ||  1650
  Throw: Stone             |       |     1 |     6 |       |       |       ||     7
         Dart              |       |       |     8 |     7 |     2 |       ||    17
         Javelin           |       |       |     5 |       |       |       ||     5
         Boomerang         |       |       |     7 |     1 |     1 |     1 ||    10
 Invoke: Heroism           |       |       |     2 |    13 |    10 |     5 ||    30
         Duel              |       |       |       |     1 |     1 |     2 ||     4
         Finesse           |       |       |       |       |     2 |     1 ||     3
  Evoke: Wand              |       |       |       |    22 |     1 |     3 ||    26
    Use: Scroll            |     4 |     3 |     7 |    12 |     7 |     6 ||    39
         Potion            |       |     1 |     4 |       |       |     3 ||     8
   Stab: Paralysed         |       |       |       |     3 |       |       ||     3
 Armour: Scale mail        |    49 |    95 |    19 |       |       |       ||   163
         Chain mail        |       |       |   251 |   233 |       |       ||   484
         Skin              |       |       |    14 |     1 |       |       ||    15
         Plate armour      |       |       |       |    67 |   486 |    88 ||   641
  Dodge: Dodged            |    30 |    82 |   151 |   232 |   507 |    87 ||  1089
  Block: Buckler           |    27 |    56 |   131 |   219 |   142 |       ||   575
         Kite shield       |       |       |       |       |   248 |   146 ||   394

Table legend: (Time is in decaauts)
 A = Elapsed time spent in this place.
 B = Non-inter-level travel time spent in this place.
 C = Inter-level travel time spent in this place.
 D = Time resting spent in this place.
 E = Time spent auto-exploring this place.
 F = Levels seen in this place.
 G = Mean time per level.
                   A        B        C        D        E       F      G
               +--------+--------+--------+--------+--------+-----+--------+
         Total |  10966 |   9760 |   1206 |    713 |      0 |  29 |  378.1 |
       Dungeon |   6234 |   5437 |    797 |    317 |      0 |  13 |  479.5 |
          Lair |   2453 |   2189 |    264 |    200 |      0 |   5 |  490.6 |
         Swamp |    727 |    697 |     30 |      3 |      0 |   3 |  242.3 |
   Spider Nest |     38 |     38 |      0 |      0 |      0 |   1 |   38.0 |
  Orcish Mines |    969 |    856 |    113 |     33 |      0 |   2 |  484.5 |
         Sewer |    452 |    452 |      0 |    110 |      0 |   1 |  452.0 |
         Arena |     91 |     91 |      0 |     49 |      0 |   4 |   22.8 |
               +--------+--------+--------+--------+--------+-----+--------+

Top non-repeatable levels by time:
     D:8: 1176 daAuts
  Lair:3: 1069 daAuts
     D:3: 875 daAuts
  Lair:5: 748 daAuts
     D:9: 736 daAuts
   Orc:2: 645 daAuts
 Swamp:3: 596 daAuts
    D:10: 508 daAuts
  Lair:2: 482 daAuts
     D:4: 453 daAuts
   Sewer: 452 daAuts
    D:11: 432 daAuts
     D:7: 410 daAuts
     D:1: 406 daAuts
   Orc:1: 323 daAuts
